 Dungeon Crawl Stone Soup version 0.30.1-9-gdf580d7c3d (webtiles) character file.

Game seed: 939521183431792719

238 mortz the Digger (level 6, 0/33 HPs)
             Began as a Kobold Earth Elementalist on Sept 25, 2023.
             Slain by a hobgoblin
             ... wielding a +0 dagger
              (4 damage)
             ... on level 4 of the Dungeon.
             The game lasted 00:14:42 (3226 turns).

mortz the Digger (Kobold Earth Elementalist)        Turns: 3226, Time: 00:14:44

Health: 0/33       AC:  2    Str:  6    XL:     6   Next: 28%
Magic:  0/11       EV: 15    Int: 18    God:
Gold:   229        SH:  0    Dex: 15    Spells: 6/12 levels left

rFire   . . .        d - +0 dagger
rCold   . . .        (no shield)
rNeg    . . .        a - +0 robe
rPois   .            (no helmet)
rElec   .            (no cloak)
rCorr   .            (no gloves)
SInv    .            (no boots)
Will    .....        (no amulet)
Stlth   +++          (no ring)
HPRegen 0.25/turn    (no ring)
MPRegen 0.12/turn

%: no passive effects
@: no status effects
A: small, no large weapons, nightstalker 3
a: no special abilities


You were on level 4 of the Dungeon.
You visited 1 branch of the dungeon, and saw 4 of its levels.

You collected 229 gold pieces.

Inventory:

Hand Weapons
 d - a +0 dagger (weapon)
 e - a +0 club
 g - a +0 sling
 i - a +0 falchion
 m - a +0 short sword
 n - a +0 dagger
Missiles
 c - 31 stones
 p - 2 boomerangs
Armour
 a - a +0 robe (worn)
 l - a +0 leather armour
Wands
 q - a wand of roots (8)
Scrolls
 k - 2 scrolls of blinking
Potions
 b - a potion of magic
 f - 2 potions of might
 h - a potion of cancellation
 j - 3 potions of curing
 o - a potion of ambrosia {unknown}
 s - 2 potions of haste
 t - a potion of degeneration {unknown}


   Skills:
 + Level 0.9 Fighting
 + Level 1.3 Short Blades
 - Level 2.5 Dodging
 - Level 2.8 Stealth
 * Level 3.7 Spellcasting
 * Level 1.7 Conjurations
 * Level 2.6 Transmutations
 * Level 4.2 Earth Magic


You had 6 spell levels left.
You knew the following spells:

 Your Spells              Type           Power      Damage    Failure   Level
a - Sandblast             Erth           36%        2d10      2%          1
s - Stone Arrow           Conj/Erth      28%        3d8       13%         3
w - Passwall              Tmut/Erth      12%        N/A       5%          2

Your spell library contained the following spells:

 Spells                   Type           Power      Damage    Failure   Level
 Kiss of Death            Conj/Necr      24%        2d7       11%         1
 Petrify                  Tmut/Erth      15%        N/A       36%         4
 Confusing Touch          Hex            3%         N/A       41%         3
 Dispel Undead            Necr           3%         3d7       83%         4


Dungeon Overview and Level Annotations

Branches:
Dungeon (4/15) Zot: 20713
 Temple: D:4-7

Altars:
Uskayaw


Innate Abilities, Weirdness & Mutations

You are small and have problems with some larger weapons.
You are completely attuned to the shadows.


Message History

The hobgoblin misses you. x2
The blast of sand hits the hobgoblin but does no damage.
The hobgoblin hits you with a +0 dagger.
You closely miss the hobgoblin. The hobgoblin closely misses you.
You hit the hobgoblin.
The hobgoblin is lightly wounded.
The hobgoblin hits you with a +0 dagger.
You hit the hobgoblin but do no damage.
The hobgoblin is lightly wounded.
The hobgoblin hits you but does no damage.
Your magical contamination has completely faded away.
You barely miss the hobgoblin.
You punch the hobgoblin, but do no damage.
The hobgoblin is lightly wounded.
The hobgoblin hits you with a +0 dagger.
You hit the hobgoblin.
The hobgoblin is moderately wounded.
The hobgoblin hits you with a +0 dagger.
You barely miss the hobgoblin. Your punch misses the hobgoblin.
The hobgoblin is moderately wounded.
The hobgoblin hits you with a +0 dagger.
* * * LOW HITPOINT WARNING * * *
You barely miss the hobgoblin.
The hobgoblin is moderately wounded.
The hobgoblin hits you with a +0 dagger.
* * * LOW HITPOINT WARNING * * *
The hobgoblin attacks as you move away! The hobgoblin closely misses you.
The hobgoblin attacks as you move away!
The hobgoblin hits you with a +0 dagger.
* * * LOW HITPOINT WARNING * * *
Casting: Sandblast (safe; 2% risk of failure)
Confirm with . or Enter, or press ? or * to list all spells.
Aiming: Passwall (safe; 5% risk of failure)
Press: ? - help, Dir - move target, p - hobgoblin A rock wall.
The hobgoblin hits you with a +0 dagger.
* * * LOW HITPOINT WARNING * * *
You begin to meditate on the wall.
You continue meditating on the rock.
The hobgoblin hits you with a +0 dagger.
You die...

###
#############.########
#
......#......#.......#
#.
....#.#.#####.######.#
#. #.....g@# ### #.#
#. #.###.#.# ##.## #.
#. #.#.# #####.#.###.
+. ..... .....###....
#. .....##
#####.#.#### ##......
####### ########


You could see a hobgoblin.

Vanquished Creatures
  A scorpion (D:4)
  A howler monkey (D:4)
  6 adders
  3 worms
  4 dart slugs
  2 orcs (D:4)
  9 endoplasms
  3 giant cockroaches
  7 goblins
  5 hobgoblins
  4 quokkas
  6 ball pythons
  6 bats
  6 frilled lizards
  6 kobolds
  2 rats
71 creatures vanquished.

Notes
Turn   | Place    | Note
-------+----------+-------------------------------------------
     0 | D:1      | mortz the Kobold Earth Elementalist began the quest for the
                  | Orb.
     0 | D:1      | Reached XP level 1. HP: 10/10 MP: 3/3
   364 | D:1      | Reached XP level 2. HP: 15/15 MP: 1/5
   472 | D:1      | Found a faded altar of an unknown god.
   651 | D:1      | Learned a level 2 spell: Passwall
   852 | D:1      | Reached XP level 3. HP: 19/19 MP: 4/6
  1361 | D:2      | Learned a level 3 spell: Stone Arrow
  1388 | D:2      | Reached XP level 4. HP: 22/24 MP: 4/8
  1896 | D:3      | Found a hide-covered altar of Uskayaw.
  2298 | D:3      | Reached XP level 5. HP: 25/28 MP: 3/9
  2791 | D:3      | Reached skill level 1 in Conjurations
  2816 | D:4      | Reached skill level 4 in Earth Magic
  2978 | D:4      | Reached skill level 1 in Short Blades
  3085 | D:4      | Reached XP level 6. HP: 33/33 MP: 6/11
  3226 | D:4      | Slain by a hobgoblin

Illustrated notes

Levels and vault maps discovered:
D:1:      evilmike_arrival_fibonacci_small, layout_loops_cross,
          shapermc_ecumenical_altar_pompeii, serial_park_tiny_pond
D:2:      layout_rooms, kennysheep_potato
D:3:      layout_basic, nicolae_uskayaw_suspiria
D:4:      layout_loops_ring, lemuel_doored_altar

Skill      XL: |  1  2  3  4  5 |
---------------+----------------+-----
Spellcasting   | 3 |  3.7
Transmutations | 2 |  2.6
Conjurations   | 1 |  1.7
Earth Magic    | 4 |  4.2
Short Blades   | 1 |  1.3
Fighting       | |  0.9
Dodging        | |  2.5
Stealth        | |  2.8

Action                     |  1- 3 |  4- 6 || total
---------------------------+-------+-------++-------
  Melee: Unarmed           |    18 |       ||    18
         Punch             |     3 |     1 ||     4
         Dagger            |       |    10 ||    10
  Throw: Stone             |     2 |       ||     2
   Cast: Sandblast         |    49 |    69 ||   118
         Passwall          |       |     1 ||     1
    Use: Scroll            |     3 |    11 ||    14
   Stab: Sleeping          |       |     3 ||     3
 Armour: Robe              |     8 |     4 ||    12
  Dodge: Dodged            |    21 |    30 ||    51
